 Dungeon Crawl Stone Soup version 0.29-a0-1016-g236c7fd91e (webtiles) character file.

Game seed: 5493114933968630864

9 wingedge the Grasshopper (level 2, -15/22 HPs)
             Began as a Human Wanderer on Aug 9, 2022.
             Killed by an exploding quokka (18 damage)
             ... ignited by their inner flame
             ... on level 1 of the Dungeon.
             The game lasted 00:02:01 (218 turns).

wingedge the Grasshopper (Human Wanderer)            Turns: 218, Time: 00:02:01

Health: -15/22     AC:  6    Str: 14    XL:     2   Next: 20%
Magic:  3/3        EV: 10    Int: 13    God:
Gold:   14         SH:  0    Dex:  9    Spells: 2/3 levels left

rFire   . . .      SeeInvis .   a - +0 falchion
rCold   . . .      Faith    .   (no shield)
rNeg    . . .      Spirit   .   d - +1 ring mail
rPois   .          Reflect  .   (no helmet)
rElec   .          Harm     .   (no cloak)
rCorr   .          Rampage  .   (no gloves)
Will    .....                   (no boots)
Stlth   ..........              (no amulet)
HPRegen 0.07/turn               (no ring)
MPRegen 0.08/turn               (no ring)

@: flying
A: no striking features
a: no special abilities


You were on level 1 of the Dungeon.
You visited 1 branch of the dungeon, and saw 1 of its levels.

You collected 14 gold pieces.

Inventory:

Hand Weapons
 a - a +0 falchion (weapon)
Armour
 b - a +0 scale mail
 d - a +1 ring mail (worn)
Scrolls
 c - a scroll of fog
 h - a scroll of immolation


   Skills:
 + Level 1.7 Fighting
 - Level 2.0 Long Blades
 - Level 2.0 Armour
 - Level 1.0 Spellcasting
 - Level 5.0 Translocations


You had 2 spell levels left.
You knew the following spells:

 Your Spells              Type           Power      Damage    Failure   Level
a - Apportation           Tloc           26%        N/A       7%          1

Your spell library contained the following spells:

 Spells                   Type           Power      Damage    Failure   Level
 Portal Projectile        Hex/Tloc       14%        N/A       52%         3
 Passage of Golubria      Tloc           13%        N/A       56%         4


Dungeon Overview and Level Annotations

Branches:
Dungeon (1/15)

Altars:


Message History

h - 2 scrolls labelled OLOFUI KEGOV A rat comes into view.
Found a scroll labelled ALEWNODORO and a scroll of fog.
The quokka completely misses you.
A hobgoblin comes into view.
You hit the quokka but do no damage. The quokka bites you.
The quokka bites you but does no damage.
You miss the quokka. The quokka closely misses you.
The quokka barely misses you.
You hit the quokka but do no damage. The quokka bites you.
The quokka completely misses you.
The quokka bites you but does no damage.
As you read the scroll labelled OLOFUI KEGOV, it crumbles to dust.
The creatures around you are filled with an inner flame!
It was a scroll of immolation.
The quokka bites you. The quokka barely misses you. The quokka bites you.
As you read the scroll labelled POITOU AKUID, it crumbles to dust.
It is a scroll of enchant armour.
Your +0 ring mail glows green for a moment.
The quokka bites you but does no damage.
The quokka barely misses you.
It was a potion of flight.
You feel very buoyant.
You fly up into the air.
The quokka bites you but does no damage.
The quokka closely misses you.
It was a potion of magic.
Magic courses through your body.
The quokka bites you but does no damage.
The quokka barely misses you.
The quokka bites you but does no damage.
The quokka bites you. The quokka attacks as you move away!
The quokka bites you.
* * * LOW HITPOINT WARNING * * *
The quokka bites you.
* * * LOW HITPOINT WARNING * * *
You hit the quokka.
The quokka explodes!
The fiery explosion engulfs you!!
Ouch! That really hurt!
You die...

#... ...## .. ##....
.# #....###.#
######.#....#.#
#......##.#.#.###..
...####............ ..
....#.........#.## ..?
.......####...#§@#
#..?.
..####..####..##§#g..#
### ##........§rr..# #
#####..#.).##.# ##
###### ##.....# .#
.###.........#..... ..
.....#########......#
#. #........# ###.##.#
..##.....## #.# ...


You could see a quokka (inner flame) and a rat (inner flame).

Vanquished Creatures
  A dart slug (D:1)
  A hobgoblin (D:1)
  3 quokkas (D:1)
  A bat (D:1)
  A frilled lizard (D:1)
  A kobold (D:1)
8 creatures vanquished.

Notes
Turn   | Place    | Note
-------+----------+-------------------------------------------
     0 | D:1      | wingedge the Human Wanderer began the quest for the Orb.
     0 | D:1      | wingedge set off with the following items: a +0 falchion, a
                  | +0 scale mail, a scroll of fog; and the following spell
                  | memorised: Apportation; and the following spells available
                  | to memorise: Portal Projectile, Passage of Golubria.
     0 | D:1      | Reached XP level 1. HP: 13/13 MP: 2/2
    73 | D:1      | Reached skill level 1 in Fighting
   109 | D:1      | Reached XP level 2. HP: 21/21 MP: 3/3
   218 | D:1      | Killed by an exploding quokka... ignited by their inner
                  | flame

Illustrated notes

Levels and vault maps discovered:
D:1:      minmay_arrival_solitary_statue, layout_rooms, serial_forest,
          infiniplex_forest_zigzag_2, infiniplex_forest_lined_4_way,
          infiniplex_forest_zigzag_1, infiniplex_forest_straight_4,
          infiniplex_forest_clump_double, infiniplex_forest_clump_small,
          nicolae_ecumenical_snake_handling, serial_shops, shop,
          nicolae_shop_behind_doors, minmay_tetromino_l2

Skill      XL: |  1 |
---------------+----+-----
Fighting       | 1 |  1.7
Long Blades    | |  2.0
Armour         | |  2.0
Spellcasting   | |  1.0
Translocations | |  5.0

Action                   || total
-------------------------++-------
Melee: Falchion          ||    30
       Punch             ||     1
  Use: Scroll            ||     2
       Potion            ||     2
Armor: Ring mail         ||    20
Dodge: Dodged            ||    19

Table legend: (Time is in decaauts)
 A = Elapsed time spent in this place.
 B = Non-inter-level travel time spent in this place.
 C = Inter-level travel time spent in this place.
 D = Time resting spent in this place.
 E = Time spent auto-exploring this place.
 F = Levels seen in this place.
 G = Mean time per level.
                   A        B        C        D        E       F      G
               +--------+--------+--------+--------+--------+-----+--------+
         Total |    223 |    223 |      0 |     69 |     36 |   1 |  223.0 |
       Dungeon |    223 |    223 |      0 |     69 |     36 |   1 |  223.0 |
               +--------+--------+--------+--------+--------+-----+--------+

Top non-repeatable levels by time:
     D:1: 223 daAuts
